 Dungeon Crawl Stone Soup version 0.29.0-13-gc9e81de378 (webtiles) character file.

Game seed: 7179919878848311367

5 ILmort the Conjurer (level 1, 0/14 HPs)
             Began as a Draconian Conjurer on Sept 10, 2022.
             Slain by a jackal (1 damage)
             ... on level 1 of the Dungeon.
             The game lasted 00:01:11 (219 turns).

ILmort the Conjurer (Draconian Conjurer)             Turns: 219, Time: 00:01:12

Health: 0/14       AC:  4    Str:  9    XL:     1   Next: 66%
Magic:  1/3        EV: 12    Int: 18    God:
Gold:   0          SH:  0    Dex:  9    Spells: 3/4 levels left

rFire   . . .      SeeInvis .   (no weapon)
rCold   . . .      Faith    .   (no shield)
rNeg    . . .      Spirit   .   (body armour unavailable)
rPois   .          Reflect  .   (helmet restricted)
rElec   .          Harm     .   (no cloak)
rCorr   .          Rampage  .   (no gloves)
Will    .....                   (no boots)
Stlth   ++........              (no amulet)
HPRegen 0.04/turn               (no ring)
MPRegen 0.08/turn               (no ring)

@: no status effects
A: AC +4, unfitting armour, cold-blooded
a: no special abilities


You were on level 1 of the Dungeon.
You visited 1 branch of the dungeon, and saw 1 of its levels.

Inventory:

Potions
 b - a potion of degeneration


   Skills:
 - Level 1.7 Dodging
 - Level 1.7 Stealth
 + Level 2.1 Spellcasting
 * Level 4.2 Conjurations


You had 3 spell levels left.
You knew the following spells:

 Your Spells              Type           Power      Damage    Failure   Level
a - Magic Dart            Conj           68%        1d6       3%          1

Your spell library contained the following spells:

 Spells                   Type           Power      Damage    Failure   Level
 Searing Ray              Conj           34%        2d5       4%          2
 Foxfire                  Conj/Fire      36%        2x1d5     8%          1
 Conjure Flame            Conj/Fire      9%         6-21      22%         3
 Dazzling Flash           Conj/Hex       18%        N/A       22%         3
 Inner Flame              Hex/Fire       1%         N/A       47%         3
 Flame Wave               Conj/Fire      9%         2d6       58%         4
 Fulminant Prism          Conj/Hex       4%         3d6       58%         4
 Iskenderun's Mystic Bla  Conj/Tloc      9%         2d4       58%         4


Dungeon Overview and Level Annotations

Branches:
Dungeon (1/15)

Altars:


Innate Abilities, Weirdness & Mutations

Your plain brown scales are hard. (AC +4)
You cannot fit into any form of body armour.
You are cold-blooded and may be slowed by cold attacks.


Message History

You closely miss the jackal.
Your tail-slap misses the jackal.
The jackal bites you but does no damage. x2
You hit the jackal but do no damage.
The jackal bites you but does no damage. x2
You hit the jackal but do no damage. The jackal closely misses you.
The jackal barely misses you.
The jackal bites you but does no damage.
The jackal bites you.
* * * LOW HITPOINT WARNING * * *
You closely miss the jackal. The jackal barely misses you.
The jackal bites you but does no damage.
As you read the scroll labelled IFERA AMPU, it crumbles to dust.
It is a scroll of identify.
b - a potion of degeneration The jackal barely misses you.
The jackal completely misses you.
The jackal bites you but does no damage.
The jackal barely misses you.
Sorry, you're not good enough to have a special ability.
Okay, then.
Casting: Magic Dart (safe; 3% risk of failure)
Aiming: Magic Dart (safe; 3% risk of failure)
Aim: a jackal (100% to hit)
The magic dart hits the jackal but does no damage.
The jackal barely misses you.
The jackal bites you but does no damage.
Magic courses through your body. The jackal closely misses you.
The jackal bites you but does no damage.
Casting: Magic Dart (safe; 3% risk of failure)
Aiming: Magic Dart (safe; 3% risk of failure)
Aim: a jackal (100% to hit)
The magic dart hits the jackal.
The jackal bites you but does no damage.
The jackal barely misses you. The jackal closely misses you.
The jackal bites you.
* * * LOW HITPOINT WARNING * * *
Casting: Magic Dart (safe; 3% risk of failure)
Aiming: Magic Dart (safe; 3% risk of failure)
Aim: a jackal (heavily wounded, 100% to hit)
The magic dart hits the jackal.
The jackal bites you.
You die...

.. ##'###########'## ...
###...#...#...#...# ...#
#.'...'...'...'...#
....#####.#...#...#...#...#
#........#################
#......#############
#......# #.........#
#......# #..†h.....#
#......###..h@.....#
##......##.......†.# #.
#...##....†.......##.. #...
####.#########.. .....
#...# ##.# .....# ###h##
#.. ..... ## #..### #.#
.... #...##...###.#
#.†........#


You could see 2 jackals.

Vanquished Creatures
  An endoplasm (D:1)
  A jackal (D:1)
  A quokka (D:1)
  A frilled lizard (D:1)
  A rat (D:1)
5 creatures vanquished.

Notes
Turn   | Place    | Note
-------+----------+-------------------------------------------
     0 | D:1      | ILmort the Draconian Conjurer began the quest for the Orb.
     0 | D:1      | Reached XP level 1. HP: 14/14 MP: 3/3
   219 | D:1      | Slain by a jackal

Illustrated notes

Levels and vault maps discovered:
D:1:      co_arrival_random_square_maze, layout_basic

Action                   || total
-------------------------++-------
Melee: Unarmed           ||    12
 Cast: Magic Dart        ||    11
  Use: Scroll            ||     1
       Potion            ||     1
Armor: Skin              ||    26
Dodge: Dodged            ||    33
